 Dungeon Crawl Stone Soup version 0.20-a0-940-g1ecfa5a (console) character file.

5875 pagos the Cleaver (level 10, -2/90 HPs)
             Began as a Minotaur Fighter on Mar 31, 2017.
             Was a Priest of Trog.
             Slain by a two-headed ogre
             ... wielding a +0 giant club
              (5 damage)
             ... on level 8 of the Dungeon.
             The game lasted 00:20:10 (5537 turns).

pagos the Cleaver (Minotaur Fighter)                Turns: 5537, Time: 00:20:11

Health: -2/90      AC: 15    Str: 23    XL:     10   Next: 52%
Magic:  0/19       EV:  5    Int: 10    God:    Trog [***...]
Gold:   347        SH: 12    Dex: 11    Spells: 9/9 levels left

rFire    . . .     SeeInvis .   a - +0 war axe
rCold    + . .     Gourm    .   c - +0 shield
rNeg     . . .     Faith    .   H - +0 plate armour
rPois    .         Spirit   +   I - +3 hat of Pondering {ponderous, MR+ MP+10 Int+5}
rElec    .         Reflect  .   G - +0 cloak
rCorr    .         Harm     .   (no gloves)
MR       +++..                  (no boots)
Stlth    ..........             z - amulet of guardian spirit
Regen    1.3/turn               y - ring of protection from cold
MPRegen  0.2/turn               (no ring)

@: regenerating, slow
A: retaliatory headbutt, horns 2
a: Berserk, Trog's Hand, Burn Spellbooks, Renounce Religion


You were on level 8 of the Dungeon.
You worshipped Trog.
Trog was most pleased with you.
You were not hungry.

You visited 1 branch of the dungeon, and saw 8 of its levels.

You collected 407 gold pieces.
You spent 60 gold pieces at shops.

Inventory:

Hand Weapons
 a - a +0 war axe (weapon)
Armour
 b - the +1 ring mail of a treasure trove {Int+7}
   (You found it on level 4 of the Dungeon)

   It affects your intelligence (+7).
 c - a +0 shield (worn)
 G - a +0 cloak (worn)
 H - a +0 plate armour (worn)
 I - the +3 hat of Pondering (worn) {ponderous, MR+ MP+10 Int+5}
   (You took it off Gastronok on level 8 of the Dungeon)

   It affects your intelligence (+5).
   It affects your resistance to hostile enchantments.
   It affects your magic capacity (+10).
Jewellery
 n - an uncursed amulet of rage
 y - a ring of protection from cold (left hand)
 z - an amulet of guardian spirit (around neck)
Wands
 A - a wand of lightning (3/15)
Scrolls
 d - 2 scrolls of recharging {unknown}
 e - 5 scrolls of amnesia {unknown}
 i - 2 scrolls of random uselessness {unknown}
 k - 3 scrolls of remove curse {unknown}
 r - 10 scrolls of identify {unknown}
 u - 2 scrolls of enchant armour {unknown}
 w - a scroll of fog {unknown}
 C - 2 scrolls of fear {unknown}
 D - a scroll of teleportation {unknown}
 F - 2 scrolls of enchant weapon {unknown}
Potions
 h - a potion of cancellation {unknown}
 j - 2 potions of lignification {unknown}
 l - 2 potions of haste {unknown}
 o - a potion of curing {unknown}
 q - 2 potions of mutation {unknown}
 s - 3 potions of flight {unknown}
 t - a potion of experience {unknown}
 v - 3 potions of agility {unknown}
 E - 3 potions of brilliance {unknown}
Books
 p - a book of Necromancy

   Spells                             Type                      Level
   a - Pain                           Necromancy                   1
   b - Animate Skeleton               Necromancy                   1
   c - Vampiric Draining              Necromancy                   3
   d - Regeneration                   Charms/Necromancy            3
   e - Animate Dead                   Necromancy                   4
   f - Control Undead                 Necromancy                   4
   Trog disapproves of the use of such an item.
Comestibles
 f - 3 bread rations
 g - 2 fruits
 m - 6 meat rations
 x - a royal jelly
 B - a chunk of flesh


   Skills:
 + Level 8.4 Fighting
 * Level 13.9 Axes
 - Level 3.6 Armour
 + Level 10.4 Shields


You had 9 spell levels left.
You didn't know any spells.

Dungeon Overview and Level Annotations

Branches:
Dungeon (8/15)             Temple (0/1) D:6
   Lair: D:8-11

Altars:
Fedhas
Gozag
Kikubaaqudgha
Ru
Trog
Uskayaw
Xom

Shops:
D:4 }   D:5 !   D:7 [


Innate Abilities, Weirdness & Mutations

You reflexively headbutt those who attack you in melee.
You have a pair of horns on your head.


Message History

You block the orc warrior's attack.
The orc warrior hits you with a long sword of flaming!!
The orc warrior burns you.
You open the door.
The two-headed ogre hits you with a giant club!
* * * LOW HITPOINT WARNING * * *
You block the two-headed ogre's attack. You block the orc's attack.
There is an open door here.
You closely miss the two-headed ogre.
The two-headed ogre is heavily wounded.
The two-headed ogre hits you with a giant club!!
* * * LOW HITPOINT WARNING * * *
The two-headed ogre hits you with a giant spiked club.
* * * LOW HITPOINT WARNING * * *
Okay, then.
Your skin crawls.
You feel resistant to hostile enchantments.
You feel somewhat more hungry. You block the two-headed ogre's attack.
The two-headed ogre hits you with a giant spiked club!
You die...

.......# #......#
...... ###......#
.....#### #........##
.......####...#+###..
......#.........#...
..........##...#...
#.........#........
#.........#.....#..
#@###....#.....+ .
#O###....#.....###
#oo.....##........
#.......##...†....
##.......#####.....
...........#####.....
.....................
#.......##)...........
........##.......####.
.......#........## .


You could see a two-headed ogre, an orc warrior and an orc.

Vanquished Creatures
  Gastronok (D:8)
  The ghost of lovablepunk the Grappler, a novice TrMo (D:7)
  Pikel (D:4)
  Joseph (D:7)
  Grinder (D:5)
  Sigmund (D:6)
  A hungry ghost (D:8)
  Menkaure (D:6)
  A water moccasin (D:6)
  A necrophage (D:7)
  2 sky beasts (D:8)
  2 ice beasts (D:7)
  5 ogres
  3 centaurs
  A big kobold (D:7)
  A bullfrog (D:6)
  A gnoll sergeant (D:7)
  2 scorpions
  3 crimson imps
  A bullfrog zombie (D:7)
  A gnoll shaman (D:7)
  2 orc priests
  5 hounds
  4 orc wizards
  A bullfrog skeleton (D:8)
  Jessica (D:3)
  Crazy Yiuf (D:6)
  5 worker ants
  An iguana (D:6)
  A hound skeleton (D:7)
  16 gnolls
  10 adders
  A howler monkey skeleton (D:6)
  An ooze (D:4)
  2 adder skeletons
  An adder zombie (D:6)
  3 worms
  2 dart slugs
  4 leopard geckos
  17 orcs
  5 giant cockroaches
  15 goblins
  2 hobgoblins
  5 jackals
  10 kobolds
  2 quokkas (D:5)
  2 ball pythons
  A bat (D:2)
  6 frilled lizards
  16 rats
174 creatures vanquished.

Vanquished Creatures (others)
  An orc wizard (D:4)
  An adder skeleton (D:4)
2 creatures vanquished.

Grand Total: 176 creatures vanquished

Notes
Turn   | Place    | Note
-------+----------+-------------------------------------------
     0 | D:1      | pagos the Minotaur Fighter began the quest for the Orb.
     0 | D:1      | Reached XP level 1. HP: 19/19 MP: 0/0
   237 | D:1      | Reached XP level 2. HP: 26/26 MP: 1/1
   301 | D:1      | Reached skill level 3 in Axes
   496 | D:2      | Found a hide-covered altar of Uskayaw.
   537 | D:2      | Reached XP level 3. HP: 29/31 MP: 2/2
   574 | D:2      | Found an opulent altar of Gozag.
   703 | D:2      | Reached skill level 4 in Axes
  1023 | D:3      | Reached XP level 4. HP: 30/39 MP: 3/3
  1095 | D:3      | Noticed Jessica
  1112 | D:3      | Killed Jessica
  1112 | D:3      | Reached skill level 5 in Axes
  1629 | D:4      | Reached skill level 5 in Shields
  1629 | D:4      | Reached XP level 5. HP: 35/45 MP: 4/4
  1651 | D:4      | Found a bloodstained altar of Trog.
  1666 | D:4      | Became a worshipper of Trog the Wrathful
  1701 | D:4      | Found a sacrificial altar of Ru.
  1701 | D:4      | Noticed a slave
  1702 | D:4      | Noticed a slave
  1703 | D:4      | Noticed a slave
  1704 | D:4      | Noticed a slave
  1705 | D:4      | Noticed Pikel
  1726 | D:4      | Killed Pikel
  1726 | D:4      | Reached skill level 7 in Axes
  1726 | D:4      | Reached XP level 6. HP: 5/51 MP: 5/5
  1726 | D:4      | Reached XP level 7. HP: 6/57 MP: 6/6
  1726 | D:4      | Reached skill level 8 in Axes
  1761 | D:4      | Found Zuras's Gadget Emporium.
  1994 | D:4      | Reached skill level 9 in Axes
  1996 | D:4      | Reached * piety under Trog
  2394 | D:4      | Got a heavily runed ring mail
  2405 | D:4      | Identified the +1 ring mail of a treasure trove {Int+7} (You found it on level 4 of the Dungeon)
  2517 | D:5      | Entered Level 5 of the Dungeon
  2558 | D:5      | Noticed Grinder
  2584 | D:5      | Killed Grinder
  2584 | D:5      | Reached XP level 8. HP: 50/64 MP: 7/7
  2767 | D:5      | Reached skill level 10 in Axes
  3041 | D:5      | Found Guikhoeg's Distillery.
  3049 | D:5      | Bought a potion of heal wounds for 60 gold pieces
  3117 | D:6      | Noticed Sigmund
  3134 | D:6      | Killed Sigmund
  3257 | D:6      | Found a staircase to the Ecumenical Temple.
  3277 | D:6      | Found a runed door.
  3334 | D:6      | Reached skill level 5 in Fighting
  3392 | D:6      | Found a shimmering altar of Xom.
  3394 | D:6      | Found a blossoming altar of Fedhas.
  3488 | D:6      | Noticed Menkaure
  3495 | D:6      | HP: 4/102 [Menkaure (17)]
  3497 | D:6      | Killed Menkaure
  3497 | D:6      | Reached skill level 11 in Axes
  3712 | D:6      | Found an ancient bone altar of Kikubaaqudgha.
  3791 | D:6      | Reached XP level 9. HP: 68/74 MP: 8/8
  4374 | D:6      | Noticed Crazy Yiuf
  4378 | D:6      | Killed Crazy Yiuf
  4429 | D:7      | Reached ** piety under Trog
  4563 | D:7      | Noticed lovablepunk's ghost (novice TrMo)
  4591 | D:7      | Killed lovablepunk's ghost
  4591 | D:7      | Reached skill level 12 in Axes
  4712 | D:7      | Noticed Joseph
  4725 | D:7      | Killed Joseph
  4985 | D:7      | Found Uvoc's Armour Emporium.
  5081 | D:7      | Reached *** piety under Trog
  5081 | D:7      | Reached skill level 13 in Axes
  5081 | D:7      | Reached XP level 10. HP: 63/86 MP: 9/9
  5479 | D:8      | Noticed Gastronok
  5494 | D:8      | Killed Gastronok
  5494 | D:8      | Reached skill level 10 in Shields
  5520 | D:8      | Noticed a two-headed ogre
  5536 | D:8      | HP: 2/90 [two-headed ogre/giant club (3)]
  5537 | D:8      | Slain by a two-headed ogre

Vault maps used:
D:1:      dpeg_arrival_water_temple_mockup, fountainhead, minmay_split_cup_small
D:2:      grunt_temple_overflow_open, kennysheep_generic_room_6
D:3:      uniq_jessica
D:4:      bloody_trog, serial_shops, nicolae_shop_trees, first_bread,
          nicolae_ru_great_annihilating_truth, uniq_pikel
D:5:      serial_shops, shop, uniq_grinder
D:6:      kennysheep_mini, gammafunk_temple_overflow_statue,
          minmay_temple_entry_trees, minmay_ogre_servants, uniq_menkaure,
          uniq_sigmund, uniq_crazy_yiuf_cottage
D:7:      serial_shops, shop, uniq_joseph
D:8:      serial_shops, nicolae_shop_stone, uniq_gastronok

Skill      XL: |  1  2  3  4  5  6  7  8  9 10 |
---------------+-------------------------------+-----
Shields        | 4 5 6 7 8 9 10 | 10.4
Axes           | 3 4 5 7 9 11 13 | 13.9
Fighting       | 5 7 8 |  8.4
Armour         | |  3.6

Action                   |  1- 3 |  4- 6 |  7- 9 | 10-12 || total
-------------------------+-------+-------+-------+-------++-------
Melee: War axe           |    77 |    79 |   297 |    50 ||   503
       Headbutt          |     8 |    11 |    58 |    13 ||    90
Invok: Berserk           |       |       |     3 |       ||     3
       Trog's Hand       |       |       |       |     1 ||     1
  Use: Potion            |       |     1 |     2 |       ||     3
 Stab: Paralysed         |       |     2 |       |       ||     2
  Eat: Chunk             |       |     3 |     8 |     2 ||    13
       Fruit             |       |       |     2 |     2 ||     4
       Bread ration      |       |       |     1 |       ||     1
Armor: Scale mail        |    29 |     1 |       |       ||    30
       Chain mail        |       |    32 |    61 |       ||    93
       Ring mail         |       |       |     7 |       ||     7
       Plate armour      |       |       |    26 |    26 ||    52
Dodge: Dodged            |    17 |    21 |    59 |     4 ||   101
Block: Shield            |    38 |    48 |   145 |    24 ||   255
